 Dungeon Crawl Stone Soup version 0.30-a0-1160-g6e42c06551 (webtiles) character file.

Game seed: 4924160502646872335

222 qeuew the Cudgeller (level 5, -7/42 HPs)
             Began as a Demonspawn Monk on Apr 25, 2023.
             Mangled by a gnoll
             ... wielding a +1 spear of flaming
              (10 damage)
             ... on level 1 of the Dungeon.
             The game lasted 00:01:49 (1212 turns).

qeuew the Cudgeller (Demonspawn Monk)               Turns: 1212, Time: 00:01:50

Health: -7/42      AC:  3    Str: 13    XL:     5   Next: 66%
Magic:  5/5        EV: 12    Int: 12    God:
Gold:   50         SH:  0    Dex: 15    Spells: 4/4 levels left

rFire   . . .        a - +0 mace
rCold   . . .        d - orb {light}
rNeg    . . .        e - +0 leather armour
rPois   .            (no helmet)
rElec   .            (no cloak)
rCorr   .            (no gloves)
SInv    .            (no boots)
Will    .....        (no amulet)
Stlth   +            (no ring)
HPRegen 0.27/turn    (no ring)
MPRegen 0.09/turn

%: no passive effects
@: glowing
A: demonic guardian 1, weakness stinger 1
a: no special abilities


You were on level 1 of the Dungeon.
You visited 1 branch of the dungeon, and saw 2 of its levels.

You collected 50 gold pieces.

Inventory:

Hand Weapons
 a - a +0 mace (weapon)
Armour
 d - an orb of light (worn)
 e - a +0 leather armour (worn)
Scrolls
 b - a scroll of identify
Potions
 c - a potion of ambrosia
 h - a potion of curing


   Skills:
 + Level 3.8 Fighting
 * Level 4.0 Maces & Flails
 * Level 2.7 Armour
 + Level 3.4 Dodging


You had 4 spell levels left.
You didn't know any spells.
Your spell library was empty.

Dungeon Overview and Level Annotations

Branches:
Dungeon (2/15)

Altars:
Uskayaw


Innate Abilities, Weirdness & Mutations

A weak demonic guardian rushes to your aid.
You have a small tail.


Message History

Something hits your shadow imp.
You hit the gnoll. You tail-slap the gnoll.
You kill the gnoll!
Your shadow imp barely misses the gnoll.
Your Maces & Flails skill increases to level 4!
Unknown command.
The gnoll hits your shadow imp with a +1 spear of flaming.
The gnoll burns your shadow imp.
Your shadow imp dies!
Your shadow imp disappears in a puff of smoke!
There is an open door here.
You see here a rat corpse.
There is a stone staircase leading up here.
The gnoll barely misses you.
There is a stone staircase leading up here.
The gnoll hits you with a +1 spear of flaming.
The gnoll burns you.
The gnoll hits you from afar with a +0 spear!
* * * LOW HITPOINT WARNING * * *
Something unseen opens the door.
You climb upwards.
There is a stone staircase leading down here.
You hit the gnoll.
The gnoll is lightly wounded.
The gnoll hits you with a +1 spear of flaming.
* * * LOW HITPOINT WARNING * * *
The gnoll burns you.
* * * LOW HITPOINT WARNING * * *
You barely miss the gnoll.
The gnoll is lightly wounded.
The gnoll hits you with a +1 spear of flaming.
* * * LOW HITPOINT WARNING * * *
A demonic guardian appears!
The gnoll burns you.
* * * LOW HITPOINT WARNING * * *
You hit the gnoll but do no damage.
The gnoll is lightly wounded.
The gnoll completely misses you.
Your ufetubus closely misses the gnoll.
Your ufetubus barely misses the gnoll.
The gnoll hits you with a +1 spear of flaming!
You die...

#....#####...##.#
#...........###.#
.....#####..# #.#
#.###.####..# #.#
#.# #.......# #.#
#.###.####.## #.#
##...####...###.#
##.## #.....##.##
#.# #........@#
###.# #.....##g5#
#...# ##...###..#
#.### ######...#
...## ##.#.# ....#
#....# ....#
###....##
#.#.#######.......#
#.#...............#


You could see a gnoll (ally target) and a friendly ufetubus (summoned).

Vanquished Creatures
  Sigmund (D:2)
  A gnoll (D:2)
  3 dart slugs (D:1)
  2 bats (D:1)
  4 endoplasms
  3 giant cockroaches (D:1)
  A goblin (D:1)
  5 hobgoblins
  A quokka (D:1)
  6 ball pythons
  A frilled lizard (D:2)
  A giant cockroach zombie (D:2)
  A kobold (D:2)
  A quokka zombie (D:2)
  8 rats
39 creatures vanquished.

Vanquished Creatures (others)
  A withered plant (D:2)
1 creature vanquished.

Grand Total: 40 creatures vanquished

Notes
Turn   | Place    | Note
-------+----------+-------------------------------------------
     0 | D:1      | qeuew the Demonspawn Monk began the quest for the Orb.
     0 | D:1      | Reached XP level 1. HP: 18/18 MP: 1/1
   144 | D:1      | Gained mutation: You have a small tail. [demonic ancestry]
   144 | D:1      | Reached XP level 2. HP: 24/24 MP: 2/2
   234 | D:1      | Reached skill level 3 in Maces & Flails
   257 | D:1      | Reached skill level 1 in Armour
   436 | D:1      | Reached XP level 3. HP: 29/29 MP: 3/3
  1077 | D:2      | Noticed Sigmund
  1086 | D:2      | Killed Sigmund
  1087 | D:2      | Gained mutation: A weak demonic guardian rushes to your
                  | aid. [demonic ancestry]
  1087 | D:2      | Reached XP level 4. HP: 28/37 MP: 4/4
  1087 | D:2      | Reached XP level 5. HP: 31/42 MP: 5/5
  1173 | D:2      | Found a hide-covered altar of Uskayaw.
  1189 | D:2      | Reached skill level 4 in Maces & Flails
  1212 | D:1      | Mangled by a gnoll

Illustrated notes

Levels and vault maps discovered:
D:1:      psy_arrival_fountain, layout_loops_ring
D:2:      layout_basic, basic_altar, serial_shops, shop, serial_undead,
          serial_undead_e, serial_undead_f, serial_undead_f, serial_undead_c,
          serial_undead_f, serial_undead_d, serial_undead_e,
          ebering_ecumenical_altar_box, uniq_jessica, uniq_sigmund

Skill      XL: |  1  2  3  4  5 |
---------------+----------------+-----
Maces & Flails | 3 4 |  4.0
Armour         | 1 2 |  2.7
Dodging        | 3 |  3.4
Fighting       | |  3.8

Action                     |  1- 3 |  4- 6 || total
---------------------------+-------+-------++-------
  Melee: Mace              |    81 |    14 ||    95
         Tailslap          |    12 |     2 ||    14
    Use: Potion            |     3 |       ||     3
         Scroll            |     2 |       ||     2
 Armour: Robe              |    11 |       ||    11
         Leather armour    |     4 |     2 ||     6
  Dodge: Dodged            |    44 |    15 ||    59

Table legend: (Time is in decaauts)
 A = Elapsed time spent in this place.
 B = Non-inter-level travel time spent in this place.
 C = Inter-level travel time spent in this place.
 D = Time resting spent in this place.
 E = Time spent auto-exploring this place.
 F = Levels seen in this place.
 G = Mean time per level.
                   A        B        C        D        E       F      G
               +--------+--------+--------+--------+--------+-----+--------+
         Total |   1238 |   1159 |     79 |      0 |    874 |   2 |  619.0 |
       Dungeon |   1238 |   1159 |     79 |      0 |    874 |   2 |  619.0 |
               +--------+--------+--------+--------+--------+-----+--------+

Top non-repeatable levels by time:
     D:1: 920 daAuts
     D:2: 318 daAuts
